 Dungeon Crawl Stone Soup version 0.29.1-1-gd02db6906a (webtiles) character file.

Game seed: 8687769613821767564

28504 Hadkhar the Carver (level 13, -2/63 HPs)
             Began as a Tengu Air Elementalist on Oct 3, 2022.
             Was a High Priest of Dithmenos.
             Slain by a catoblepas (8 damage)
             ... while petrified by a catoblepas
             ... on level 4 of the Lair of Beasts on Oct 8, 2022.
             The game lasted 02:32:18 (25783 turns).

Hadkhar the Carver (Tengu Air Elementalist)        Turns: 25783, Time: 02:32:19

Health: -2/63      AC: 17    Str:  9    XL:     13   Next: 39%
Magic:  2/24       EV:  2    Int: 23    God:    Dithmenos [*****.]
Gold:   780        SH:  0    Dex: 16    Spells: 11/26 levels left

rFire   x . .      SeeInvis +   n - +3 falchion of the Pariah {vorpal, rF- rC+ Int+2}
rCold   + + .      Faith    .   (no shield)
rNeg    + + +      Spirit   .   N - +1 acid dragon scales
rPois   ∞          Reflect  +   (helmet restricted)
rElec   .          Harm     .   X - +0 cloak
rCorr   +          Rampage  .   L - +5 pair of gloves "Xavvi" {rC+ Dex+2}
Will    +....                   (boots unavailable)
Stlth   +++.......              s - amulet of reflection
HPRegen 0.20/turn               q - ring of willpower
MPRegen 0.19/turn               P - ring of see invisible

@: petrified, flying quickly and evasively, wreathed by umbra, quick
A: beak, talons 3, nimble flight
a: Renounce Religion, Shadow Step, Shadow Form


You were on level 4 of the Lair of Beasts.
You worshipped Dithmenos.
Dithmenos was extremely pleased with you.
You visited 2 branches of the dungeon, and saw 13 of its levels.
You also visited: Sewer.

You collected 780 gold pieces.

Inventory:

Hand Weapons
 n - the +3 falchion of the Pariah (weapon) {vorpal, rF- rC+ Int+2}
   (You found it on level 1 of the Lair of Beasts)

   It inflicts extra damage upon your enemies.
   Int:       It affects your intelligence (+2).
   rF:        It makes you vulnerable to fire.
   rC:        It protects you from cold.
 o - a +0 long sword
 F - a +2 short sword of flaming
 T - the +7 spear "Onaih" {spect, rC+ Str+5}
   (You took it off an orc on level 5 of the Dungeon)

   When its wielder attacks, the weapon's spirit leaps out and strikes again.
   The spirit shares a part of any damage it takes with its wielder.
   Str:       It affects your strength (+5).
   rC:        It protects you from cold.
Missiles
 v - 9 atropa-tipped darts
 z - 3 curare-tipped darts
 U - 2 throwing nets
Armour
 w - the +1 robe of the Monkey {Int+6 Slay+2}
   (You found it on level 2 of the Lair of Beasts)

   Int:       It affects your intelligence (+6).
   Slay:      It affects your accuracy & damage with ranged weapons and melee
   (+2).
 y - a +2 leather armour of poison resistance
 L - the +5 pair of gloves "Xavvi" (worn) {rC+ Dex+2}
   (You found it on level 9 of the Dungeon)

   Dex:       It affects your dexterity (+2).
   rC:        It protects you from cold.
 N - +1 acid dragon scales (worn)
 R - an orb of energy
 X - a +0 cloak (worn)
Jewellery
 q - a ring of willpower (left hand)
 s - an amulet of reflection (around neck)
 t - a ring of positive energy
 P - a ring of see invisible (right hand)
Wands
 e - a wand of digging (5)
 u - a wand of flame (13)
 Q - a wand of light (9)
 S - a wand of paralysis (4)
 V - a wand of iceblast (5)
Scrolls
 d - 4 scrolls of teleportation
 f - 3 scrolls of noise
 h - 2 scrolls of immolation
 i - 2 scrolls of magic mapping
 j - a scroll of summoning {unknown}
 k - a scroll of enchant weapon {unknown}
 l - 3 scrolls of blinking {unknown}
 r - 3 scrolls of fog
 D - a scroll of torment {unknown}
 E - 4 scrolls of identify
 G - a scroll of acquirement {unknown}
 I - 2 scrolls of enchant armour
 M - a scroll of poison {unknown}
 O - 2 scrolls of amnesia {unknown}
 Y - 3 scrolls of fear {unknown}
 Z - a scroll of vulnerability {unknown}
Potions
 a - 2 potions of cancellation
 b - 2 potions of magic
 c - 5 potions of attraction
 g - a potion of lignification {unknown}
 m - a potion of berserk rage {unknown}
 p - 5 potions of brilliance {unknown}
 x - 2 potions of might
 A - 5 potions of curing
 B - a potion of degeneration {unknown}
 C - 3 potions of mutation {unknown}
 H - 2 potions of haste {unknown}
 J - a potion of flight {unknown}
 W - a potion of invisibility {unknown}
Miscellaneous
 K - a condenser vane


   Skills:
 - Level 0.5(8.5) Short Blades
 * Level 13.2 Long Blades
 + Level 8.7 Armour
 + Level 11.4 Dodging
 - Level 3.1 Stealth
 - Level 7.1 Spellcasting
 - Level 10.0 Conjurations
 + Level 12.0 Air Magic


You had 11 spell levels left.
You knew the following spells:

 Your Spells              Type           Power      Damage    Failure   Level
a - Shock                 Conj/Air       100%       1d9       1%          1
b - Swiftness             Air            59%        N/A       1%          3
c - Airstrike             Air            29%        2d(5-21)  1%          4
d - Blink                 Tloc           16%        N/A       17%         2
e - Lightning Bolt        Conj/Air       28%        1d44      3%          5

Your spell library contained the following spells:

 Spells                   Type           Power      Damage    Failure   Level
 Magic Dart               Conj           100%       1d8       1%          1
 Poisonous Vapours        Pois/Air       70%        N/A       1%          2
 Searing Ray              Conj           100%       2d8       1%          2
 Static Discharge         Conj/Air       56%        3-10/arc  1%          2
 Dazzling Flash           Conj/Hex       62%        N/A       4%          3
 Necrotise                Necr           32%        1d5       12%         1
 Sting                    Tmut/Pois      32%        1d4       12%         1
 Fulminant Prism          Conj/Hex       15%        3d11      14%         4
 Silence                  Hex/Air        17%        N/A       26%         5
 Lesser Beckoning         Tloc           8%         N/A       34%         3
 Ozocubu's Armour         Ice            8%         N/A       34%         3
 Vampiric Draining        Necr           8%         2d6       34%         3
 Anguish                  Hex/Necr       4%         N/A       75%         4
 Olgreb's Toxic Radiance  Pois           8%         N/A       75%         4
 Agony                    Necr           8%         N/A       97%         5
 Manifold Assault         Tloc           8%         N/A       97%         5
 Maxwell's Capacitive Co  Air            29%        ∞         99%         8
 Enfeeble                 Hex            4%         N/A       100%        7
 Ozocubu's Refrigeration  Ice            4%         4d8       100%        7


Dungeon Overview and Level Annotations

Branches:
Dungeon (9/15)             Temple (0/1) D:6            Lair (4/5) D:9
  Swamp (0/4) Lair:2       Spider (0/4) Lair:2        Slime (0/5) Lair:4
  Sewer (visited)
    Orc: D:9-12

Altars:
Cheibriados
Dithmenos
Elyvilon
Kikubaaqudgha
Makhleb
Nemelex Xobeh
Okawaru
Ru
Sif Muna
Uskayaw
Vehumet
Xom
Yredelemnul
The Shining One
Jiyva

Shops:
D:1 ?*?[

Annotations:
Lair:1 1 runed translucent door, Zusoliwk's ghost, journeyman CeHu


Innate Abilities, Weirdness & Mutations

You have a beak for a mouth.
You have claws for feet.
Your magical nature lets you fly swiftly and evasively.


Message History

The catoblepas is heavily wounded.
The catoblepas misses you.
You hit the catoblepas but do no damage.
You claw the catoblepas, but do no damage.
The catoblepas is heavily wounded.
You block the catoblepas's attack.
You hit the catoblepas but do no damage.
You claw the catoblepas, but do no damage.
You peck the catoblepas.
The catoblepas is heavily wounded.
Your shadow hits the catoblepas but does no damage.
The catoblepas breathes a plume of calcifying dust at you.
The blast of calcifying dust hits you.
You hit the catoblepas.
You claw the catoblepas, but do no damage.
The catoblepas is severely wounded.
You are engulfed in calcifying dust.
You are slowing down.
The catoblepas breathes a plume of calcifying dust at you.
The blast of calcifying dust hits you.
The catoblepas breathes a plume of calcifying dust at you.
The blast of calcifying dust hits you but does no damage.
Your limbs are stiffening.
You hit the catoblepas. You claw the catoblepas.
The catoblepas is severely wounded.
You are engulfed in calcifying dust.
Your limbs have turned to stone.
The catoblepas gores you!
You have turned to stone.
You are engulfed in calcifying dust.
The catoblepas gores you!!
You are engulfed in calcifying dust.
The catoblepas gores you!!
* * * LOW HITPOINT WARNING * * *
You are engulfed in calcifying dust.
The catoblepas gores you!!
* * * LOW HITPOINT WARNING * * *
You are engulfed in calcifying dust.
The catoblepas breathes a plume of calcifying dust at you.
The blast of calcifying dust hits you but does no damage.
You are engulfed in calcifying dust.
The catoblepas breathes a plume of calcifying dust at you.
The blast of calcifying dust hits you but does no damage.
The catoblepas gores you!
You die...

......................
.$.....$.............#.
............~~#..........#
...........~≈≈~........8.###
...........~~~.............#
.......P..#≈≈~............###
Y..........~~≈#.......#......
..........~Y≈≈≈........##....
..#....#..~≈@≈......†......^.
#........#~§.............8.
......#......§..........#...
.....#........§........#....
##...####.P#...#...###......
##. #.##..##..#........# .
#..##..##.........#.. ..
........#.>....#.....
...^.....####.....


You could see a catoblepas.

Vanquished Creatures
  5 hydras
  A catoblepas (Lair:4)
  2 death yaks (Lair:4)
  4 oklob plants (Lair:4)
  11 cane toads
  2 torpor snails
  A rime drake (Lair:1)
  5 komodo dragons
  The ghost of ragnag the Cudgeller, an amateur PaAK of Lugonu (D:5)
  A tyrant leech (Lair:2)
  A polar bear (Lair:4)
  Prince Ribbit (D:6)
  20 blink frogs
  2 wyverns
  32 yaks
  A wraith (D:9)
  2 basilisks
  A steam dragon (D:9)
  Edmund (D:6)
  4 swamp worms (Lair:2)
  An acid dragon (D:9)
  7 water moccasins
  2 orc warriors (D:9)
  2 sky beasts (D:7)
  3 black bears
  An ogre (D:5)
  6 wolves (Lair:1)
  5 centaurs
  Blork the orc (D:4)
  14 scorpions
  9 kobold brigands
  6 necrophages
  7 bullfrogs
  An electric eel (Lair:4)
  A howler monkey (D:4)
  3 gnoll boudas (D:8)
  9 hounds
  5 jellies
  13 orc priests
  3 iguanas
  7 orc wizards
  A hound skeleton (D:4)
  Robin (D:2)
  11 adders
  10 gnolls (D:8)
  4 river rats
  2 white imps (D:6)
  An ufetubus (D:5)
  4 worms
  4 dart slugs
  42 orcs
  14 endoplasms
  4 giant cockroaches
  12 goblins
  11 hobgoblins
  12 jackals
  5 quokkas
  6 ball pythons
  4 bats
  3 frilled lizards
  17 kobolds
  8 rats
380 creatures vanquished.

Vanquished Creatures (others)
  46 fungi
  51 plants
97 creatures vanquished.

Grand Total: 477 creatures vanquished

Notes
Turn   | Place    | Note
-------+----------+-------------------------------------------
     0 | D:1      | Hadkhar the Tengu Air Elementalist began the quest for the
                  | Orb.
     0 | D:1      | Reached XP level 1. HP: 10/10 MP: 4/4
   198 | D:1      | Reached XP level 2. HP: 15/15 MP: 1/6
   426 | D:1      | Found Dopsuemy's Antique Armour Shoppe.
   494 | D:1      | Found Oninud's Magic Scroll Shoppe.
   589 | D:1      | Found a faded altar of an unknown god.
  1012 | D:1      | Reached XP level 3. HP: 19/19 MP: 5/7
  1122 | D:1      | Found Enenumec's General Store.
  1426 | D:1      | Found Sekiwem's Magic Scroll Boutique.
  2317 | D:2      | Noticed Robin
  2325 | D:2      | Reached skill level 5 in Air Magic
  2325 | D:2      | Reached XP level 4. HP: 24/24 MP: 0/8
  2330 | D:2      | Killed Robin
  2771 | D:2      | Learned a level 3 spell: Swiftness
  2778 | D:2      | Reached skill level 1 in Long Blades
  2950 | D:2      | Found a shadowy altar of Dithmenos.
  2988 | D:2      | Learned a level 4 spell: Airstrike
  3123 | D:2      | Gained mutation: Your magical nature lets you fly swiftly
                  | and evasively. [Tengu growth]
  3123 | D:2      | Reached XP level 5. HP: 14/28 MP: 9/9
  3460 | D:2      | Became a worshipper of Dithmenos the Shadowed
  4470 | D:3      | Found a white marble altar of Elyvilon.
  4476 | D:3      | Found a shimmering blue altar of Sif Muna.
  4480 | D:3      | Found an ancient bone altar of Kikubaaqudgha.
  4484 | D:3      | Found a snail-covered altar of Cheibriados.
  4491 | D:3      | Found a basalt altar of Yredelemnul.
  4687 | D:4      | Noticed Blork the orc
  4696 | D:4      | Killed Blork the orc
  4697 | D:4      | Reached skill level 2 in Long Blades
  4697 | D:4      | Reached XP level 6. HP: 14/32 MP: 1/11
  5176 | D:4      | Reached * piety under Dithmenos
  6324 | D:4      | Found a burning altar of Makhleb.
  6352 | D:4      | Reached skill level 3 in Long Blades
  6352 | D:4      | Reached XP level 7. HP: 29/36 MP: 8/13
  7218 | D:4      | Found a radiant altar of Vehumet.
  7245 | D:5      | Entered Level 5 of the Dungeon
  7328 | D:5      | Found a runed translucent gate.
  7328 | D:5      | Found a runed translucent gate.
  7330 | D:5      | Found a runed translucent gate.
  7330 | D:5      | Noticed ragnag's ghost (amateur PaAK)
  7337 | D:5      | Identified the +7 spear "Onaih" {spect, rC+ Str+5}
  7337 | D:5      | Identified the +2 leather armour of Une Zisk {+Blink rPois
                  | Stlth-}
  7376 | D:5      | Found a glowing drain.
  7434 | D:5      | Reached skill level 5 in Dodging
  7434 | D:5      | Reached XP level 8. HP: 38/41 MP: 1/15
  7532 | Sewer    | Entered a sewer
  7727 | Sewer    | Reached skill level 4 in Long Blades
  8364 | Sewer    | Reached ** piety under Dithmenos
  8781 | D:5      | Found a sacrificial altar of Ru.
  8806 | D:5      | Found a sparkling altar of Nemelex Xobeh.
  8987 | D:5      | Reached skill level 5 in Long Blades
  9366 | D:6      | Reached XP level 9. HP: 43/45 MP: 10/17
  9514 | D:6      | Noticed Edmund
  9536 | D:6      | Killed Edmund
  9537 | D:6      | Reached skill level 5 in Spellcasting
 10359 | D:6      | Noticed Prince Ribbit
 10361 | D:6      | Killed Prince Ribbit
 10739 | D:6      | Found a staircase to the Ecumenical Temple.
 11243 | D:7      | Reached skill level 6 in Long Blades
 11496 | D:7      | Reached skill level 5 in Conjurations
 11587 | D:7      | Found a hide-covered altar of Uskayaw.
 11651 | D:7      | Reached *** piety under Dithmenos
 11889 | D:7      | Found a glowing golden altar of the Shining One.
 11988 | D:7      | Reached skill level 10 in Air Magic
 12428 | D:8      | Reached XP level 10. HP: 50/50 MP: 13/20
 12468 | D:8      | Learned a level 2 spell: Blink
 12718 | D:8      | Reached skill level 1 in Armour
 13099 | D:8      | Learned a level 5 spell: Lightning Bolt
 13674 | D:8      | Found a shimmering altar of Xom.
 13750 | D:8      | Reached skill level 7 in Long Blades
 14997 | D:9      | Reached **** piety under Dithmenos
 15442 | D:9      | Found an iron altar of Okawaru.
 15735 | D:9      | Found a shadowy altar of Dithmenos.
 16093 | D:9      | Identified the +5 pair of gloves "Xavvi" {rC+ Dex+2}
 16159 | D:9      | Found a staircase to the Lair.
 16578 | Lair:1   | Entered Level 1 of the Lair of Beasts
 16578 | Lair:1   | Identified the +1 spear of the Demagogue {spect, +Blink
                  | Will+++ Str-4 Int-3}
 16578 | Lair:1   | Found a runed translucent door.
 16781 | D:5      | Killed ragnag's ghost
 17097 | Lair:1   | Identified the +3 falchion of the Pariah {vorpal, rF- rC+
                  | Int+2}
 17300 | Lair:1   | Reached XP level 11. HP: 37/54 MP: 16/22
 17443 | Lair:1   | Reached skill level 8 in Long Blades
 17498 | Lair:1   | Noticed a seven-headed hydra
 17515 | Lair:1   | Killed a seven-headed hydra
 17860 | Lair:1   | Reached skill level 5 in Armour
 17869 | Lair:1   | Reached skill level 9 in Long Blades
 17978 | Lair:1   | Noticed a spriggan rider
 17979 | Lair:1   | Noticed Zusoliwk's ghost (journeyman CeHu)
 18336 | Lair:1   | HP: 2/54 [wolf (8)]
 18735 | Lair:1   | Reached skill level 10 in Long Blades
 19063 | Lair:1   | Identified the +2 mace of the Jolly Teeth {holy, rPois
                  | Will+}
 19231 | Lair:1   | Reached XP level 12. HP: 59/59 MP: 10/23
 20397 | Lair:2   | Reached skill level 10 in Dodging
 20420 | Lair:2   | Reached skill level 10 in Conjurations
 20481 | Lair:2   | Reached ***** piety under Dithmenos
 20482 | Lair:2   | Reached skill level 11 in Long Blades
 20993 | Lair:2   | Identified the +1 robe of the Monkey {Int+6 Slay+2}
 21105 | Lair:2   | Noticed a seven-headed hydra
 21108 | Lair:2   | Found a hole to the Spider Nest.
 21122 | Lair:2   | Killed a seven-headed hydra
 21814 | Lair:2   | Noticed a five-headed hydra
 21818 | Lair:2   | Killed a five-headed hydra
 21819 | Lair:2   | Reached skill level 12 in Long Blades
 22263 | Lair:2   | Noticed a five-headed hydra
 22268 | Lair:2   | Killed a five-headed hydra
 22566 | Lair:2   | Found a staircase to the Swamp.
 23004 | Lair:3   | Noticed a six-headed hydra
 23008 | Lair:3   | Killed a six-headed hydra
 23026 | Lair:3   | Reached XP level 13. HP: 28/63 MP: 1/24
 24564 | Lair:4   | Found a viscous altar of Jiyva.
 24846 | Lair:4   | Found a staircase to the Slime Pits.
 25128 | Lair:4   | Reached skill level 13 in Long Blades
 25783 | Lair:4   | Slain by a catoblepas

Illustrated notes

Levels and vault maps discovered:
D:1:      dpeg_arrival_orchard, layout_loops_corners, serial_shops, shop,
          nicolae_shop_stone, shop_coins, shop_scrolls,
          hellmonk_ecumenical_altar_blasted
D:2:      layout_rooms, basic_altar, uniq_robin
D:3:      layout_basic, nicolae_overflow_hallway_of_the_gods
D:4:      layout_basic, kennysheep_mini_moat, makhleb_blood_cavern_becter,
          uniq_blork_the_orc
D:5:      layout_basic, mainiacjoe_overflow_catch_the_wave,
          cheibrodos_sewer_entry_sluice, biasface_ghost_orc_armoury
D:6:      minmay_octagon_keep, layout_basic,
          minmay_temple_entry_enclosed_plants, uniq_prince_ribbit1, uniq_edmund
D:7:      layout_cave_pools, lemuel_doored_altar, tso_oasis_becter,
          dk_noncrumbling_4
D:8:      layout_loops_cross, xom_butterflies
D:9:      layout_cave_pools, mainiacjoe_overflow_24_doors,
          mainiacjoe_overflow_surrounded_room, grunt_lair_entry_orc_guard_hut,
          minmay_holes
Lair:1:   layout_cave_pods, ebering_ghost_funeral_grove, grunt_megastairs_2,
          infiniplex_staircase_pool
Lair:2:   layout_misc_corridors, palyth_hydra_swamp_entry,
          nicolae_spider_entry_non_spiders, st_stairs_12, beast_lair_carwin_2,
          grunt_megastairs_3
Lair:3:   layout_regular_city, serial_bayou_shore_b
Lair:4:   layout_gridlike, minmay_slime_entry_oklob_open, grunt_megastairs_4,
          lemuel_fruit_fields

Skill      XL: |  1  2  3  4  5  6  7  8  9 10 11 12 13 |
---------------+----------------------------------------+-----
Conjurations   | 2 5 7 9 10 | 10.0
Air Magic      | 5 6 7 9 10 11 12 | 12.0
Dodging        | 3 4 5 6 7 8 9 10 11 | 11.4
Long Blades    | 1 2 3 5 6 7 10 12 13 | 13.2
Spellcasting   | 3 4 6 7 |  7.1
Stealth        | 3 |  3.1
Armour         | 4 6 8 |  8.7
Short Blades   | |  0.5

Action                   |  1- 3 |  4- 6 |  7- 9 | 10-12 | 13-15 || total
-------------------------+-------+-------+-------+-------+-------++-------
Melee: Unarmed           |     5 |       |       |       |       ||     5
       Peck              |     8 |    10 |    41 |   115 |    14 ||   188
       Short sword       |    13 |       |       |       |       ||    13
       Dagger            |     8 |       |       |       |       ||     8
       Kick              |     4 |    16 |    81 |   198 |    32 ||   331
       Long sword        |    10 |    67 |   257 |   200 |       ||   534
       Punch             |       |     1 |     3 |     5 |     1 ||    10
       Falchion          |       |       |       |   338 |    56 ||   394
 Cast: Shock             |    61 |   102 |   129 |    29 |     7 ||   328
       Airstrike         |       |     3 |    19 |   102 |    55 ||   179
       Swiftness         |       |     5 |     6 |     7 |       ||    18
       Blink             |       |       |       |     3 |       ||     3
       Lightning Bolt    |       |       |       |    16 |     2 ||    18
Invok: Shadow Step       |       |       |       |     1 |       ||     1
  Use: Scroll            |       |     4 |       |     6 |       ||    10
       Potion            |       |       |     1 |     3 |       ||     4
 Stab: Sleeping          |       |       |     8 |     2 |       ||    10
       Distracted        |       |       |       |     1 |       ||     1
Armor: Robe              |     6 |    15 |       |       |       ||    21
       Leather armour    |       |       |    37 |    27 |       ||    64
       Acid dragon scale |       |       |       |    46 |    20 ||    66
Dodge: Dodged            |    34 |    64 |   160 |   359 |    28 ||   645
Block: Other             |       |       |    49 |    99 |     5 ||   153
       Buckler           |       |       |       |     6 |       ||     6
       Reflection        |       |       |       |     1 |       ||     1
